Construct Section Command Post
Selects Australian Defense Battlegroup
Selects Australian Light Infantry Section
Australian Light Infantry Section
Australian Light Infantry Section
Australian Light Infantry Section
Construct Field Infirmary
Selects 2-pounder Anti-tank Gun Team
Construct Platoon Command Post
Selects CMP 15cwt Supply Run
2-pounder Anti-tank Gun Team
Selects Reinforced Resource Caches
6-pounder Anti-tank Gun Team
Construct Company Command Post
Selects Charged Creeping Barrage
Selects Vehicle Over Repair